 Dungeon Crawl Stone Soup version 0.29-a0-1006-g0dd7720b37 (webtiles) character file.

Game seed: 5514104876361072452

2811 Sobieck the Slicer (level 9, -1/44 HPs)
             Began as a Vine Stalker Fighter on Aug 7, 2022.
             Slain by a manticore (7 damage)
             ... on level 7 of the Dungeon.
             The game lasted 00:14:04 (6615 turns).

Sobieck the Slicer (Vine Stalker Fighter)           Turns: 6615, Time: 00:14:04

Health: -1/44      AC:  8    Str: 26    XL:     9   Next: 72%
Magic:  0/10       EV:  9    Int:  8    God:
Gold:   314        SH:  6    Dex: 23    Spells: 8/8 levels left

rFire   + . .      SeeInvis .   a - +0 rapier {short}
rCold   + . .      Faith    .   c - +0 buckler
rNeg    . . .      Spirit   +   l - +0 scale mail
rPois   .          Reflect  .   t - +1 helmet
rElec   .          Harm     .   q - scarf {rC+ rF+}
rCorr   .          Rampage  .   (no gloves)
Will    +....                   (no boots)
Stlth   +.........              w - amulet of magic regeneration {@e2}
HPRegen 0.94/turn               z - +6 ring of strength
MPRegen 0.52/turn               O - +6 ring of dexterity

@: spiked, very slow
A: fangs 3, regeneration 1, magic shield, antimagic bite, no potion heal 2
a: no special abilities


You were on level 7 of the Dungeon.
You visited 2 branches of the dungeon, and saw 8 of its levels.

You collected 333 gold pieces.
You spent 19 gold pieces at shops.


Innate Abilities, Weirdness & Mutations

You have razor-sharp teeth.
Your natural rate of healing is unusually fast.
When hurt, damage is shared between your health and your magic reserves.
Your bite disrupts and absorbs the magic of your enemies.
Potions cannot restore your health.


   Skills:
 + Level 3.1 Fighting
 - Level 12.0 Short Blades
 - Level 2.4 Armour
 - Level 2.6 Shields


You had 8 spell levels left.
You didn't know any spells.
Your spell library contained the following spells:

 Spells                   Type           Power      Damage    Failure   Level
 Beastly Appendage        Tmut           0%         N/A       80%         1
 Sting                    Tmut/Pois      0%         1d3       80%         1
 Blink                    Tloc           0%         N/A       90%         2
 Poisonous Vapours        Pois/Air       0%         N/A       90%         2
 Wereblood                Tmut           0%         N/A       90%         2
 Lesser Beckoning         Tloc           0%         N/A       99%         3
 Spider Form              Tmut/Pois      0%         N/A       99%         3
 Fulminant Prism          Conj/Hex       0%         3d6       100%        4
 Iskenderun's Mystic Bla  Conj/Tloc      0%         2d3       100%        4
 Olgreb's Toxic Radiance  Pois           0%         N/A       100%        4
 Petrify                  Tmut/Erth      0%         N/A       100%        4
 Lee's Rapid Deconstruct  Erth           0%         3d5*      100%        5
 Manifold Assault         Tloc           0%         N/A       100%        5
 Metabolic Englaciation   Hex/Ice        0%         N/A       100%        5
 Statue Form              Tmut/Erth      0%         N/A       100%        6

Inventory:

Hand Weapons
 a - a +0 rapier (weapon) {short}
 b - a +0 sling
   (You bought it in a shop on level 1 of the Dungeon)
 y - the +7 trident of Grontol {antimagic, Int+4 Stlth+, polearm}
   (You found it on level 2 of the Dungeon)

   It reduces the magical energy of the wielder, and disrupts the spells and
   magical abilities of those it strikes.
   Natural abilities and divine invocations are not affected.
   Int:       It affects your intelligence (+4).
   Stlth:     It makes you more stealthy.
 H - a +3 flail of protection {mace}
   (You took it off Edmund on level 6 of the Dungeon)
Missiles
 f - 17 poisoned darts (quivered) {throwing}
 i - 49 stones {throwing}
 m - 6 curare-tipped darts {=fthrowing}
Armour
 c - a +0 buckler (worn)
 l - a +0 scale mail (worn)
 q - a scarf of resistance (worn)
   (You found it on level 2 of the Dungeon)
 s - a +0 animal skin
   (You took it off Robin on level 2 of the Dungeon)
 t - a +1 helmet (worn)
   (You took it off Robin on level 2 of the Dungeon)
 x - a +0 robe
   (You took it off Sigmund on level 4 of the Dungeon)
 A - a +0 ring mail
   (You found it on level 2 of the Dungeon)
 E - a +2 robe of willpower
   (You took it off Blork the orc on level 4 of the Dungeon)
 F - a +0 leather armour
   (You took it off an orc on level 3 of the Dungeon)
 I - a +0 scale mail
   (You took it off an orc on level 3 of the Dungeon)
 J - a +0 robe
   (You found it on level 3 of the Dungeon)
 K - a +0 leather armour
   (You took it off an orc on level 3 of the Dungeon)
 N - the +1 robe "Kaghakh" {rF+}
   (You found it on level 6 of the Dungeon)

   rF:        It protects you from fire.
 Q - a +0 ring mail
   (You found it on level 4 of the Dungeon)
 R - a +0 ring mail
   (You found it on level 4 of the Dungeon)
 U - a +0 robe
   (You took it off an orc wizard on level 5 of the Dungeon)
 V - a +0 ring mail
   (You took it off an orc priest on level 5 of the Dungeon)
 W - a +0 robe
   (You took it off an orc wizard on level 5 of the Dungeon)
 Y - a +0 ring mail
   (You found it on level 6 of the Dungeon)
 Z - a +0 leather armour
   (You found it on level 6 of the Dungeon)
Magical Staves
 p - a staff of earth {!astaff}
   (You found it on level 2 of the Dungeon)
Jewellery
 w - an amulet of magic regeneration (around neck) {@e2}
   (You found it on level 2 of the Dungeon)
 z - a +6 ring of strength (left hand)
   (You found it on level 2 of the Dungeon)
 M - an amulet of faith {!P}
   (You found it on level 6 of the Dungeon)
 O - a +6 ring of dexterity (right hand)
   (You found it on level 5 of the Dungeon)
 P - a +6 ring of dexterity
   (You found it on level 4 of the Dungeon)
Wands
 X - a wand of acid (13)
   (You found it on level 5 of the Dungeon)
Scrolls
 e - a scroll of noise {!r}
 g - a scroll of teleportation {@r4}
 h - a scroll of fear
 r - 2 scrolls of magic mapping {!r}
 u - a scroll of immolation {!r!r}
 C - a scroll of brand weapon {unknown}
Potions
 d - a potion of might
 j - 3 potions of heal wounds {@q2}
 k - 6 potions of curing {@q1}
 n - 2 potions of degeneration {!q@e2}
 o - a potion of mutation {unknown}
 v - a potion of berserk rage {!q}
 B - 2 potions of cancellation
 D - 2 potions of flight
 G - a potion of lignification {unknown}
 L - 3 potions of attraction {!q}
 S - 3 potions of haste {@q3}
 T - a potion of brilliance

Dungeon Overview and Level Annotations

Branches:
Dungeon (7/15) Zot: 24235  Temple (1/1) D:4 Zot: 5949

Altars:
Ashenzari
Cheibriados
Dithmenos
Gozag
Kikubaaqudgha
Makhleb
Nemelex Xobeh
Okawaru
Qazlal
Sif Muna
Vehumet
Wu Jian
Xom
Yredelemnul
Zin
The Shining One

Shops:
D:1 (

Annotations:
D:5 3 runed translucent doors, Sweeb's ghost, amateur TeMo

##~~†~~...## #.# #..##
##.########.###.# #...#
#.##≈..P.,##~##.####.#.###
#.#≈≈:P..,,#~##..........#
#.#S[~...,,#~########.#..#
#### #.#S≈~...,+#.# #.#..#
...###~##≈./P.,#..# #.#..#
##.##~##########.## #..,.#
#.#~##≈$~P.,*#~@# ##.*,*
#.#~#≈≈~~~.,,#H## *..,*
#.#.#S.$~..,,#~* *#.,*
#.#.#S≈!PP.,+#.* *.>*
#.#'##≈[.P.,*..* ****
#....######**.#* #...##
##* #####


You could see a manticore.


Message History

You see here a +0 hand axe {axe}.
You puncture the orc priest! Your bite misses the orc priest.
The orc priest invokes the aid of Beogh against you.
You resist with significant effort.
You puncture the orc priest! You bite the orc priest.
You kill the orc priest!
Things that are here:
a +0 whip {mace}; an orc corpse Unknown command.
b - a +0 sling (weapon)
You now have 314 gold pieces (gained 6).
k - 6 potions of curing {@q1} (gained 1)
You open the door.
There is an open door here.
You enter the shallow water.
Moving in this stuff is going to be slow.
A jelly comes into view.
The jelly quivers.
Danger!
You shoot a sling bullet. The sling bullet hits the jelly.
You shoot a sling bullet. The sling bullet hits the jelly!
a - a +0 rapier (weapon)
{short} You block the jelly's attack.
Your unstable footing causes you to fumble your attack.
Your unstable footing causes you to fumble your attack.
The jelly misses you.
Your unstable footing causes you to fumble your attack.
The jelly closely misses you.
You hit the jelly.
Your hands burn!
You bite the jelly.
You kill the jelly!
Training target 12.0 for Short Blades reached!
Your Short Blades skill increases to level 12!
You need to enable at least one skill for training.
You enter the shallow water.
Moving in this stuff is going to be slow.
A bullfrog comes into view.
The bullfrog croaks.
Danger!
Your unstable footing causes you to fumble your attack.
The bullfrog hits you.
Your unstable footing causes you to fumble your attack.
The bullfrog hits you. x2
You miss the bullfrog.
Your unstable footing causes you to fumble your attack.
The bullfrog hits you.
You hit the bullfrog but do no damage. Your bite misses the bullfrog.
The bullfrog hits you but does no damage.
You hit the bullfrog. The bullfrog barely misses you.
You puncture the bullfrog! Your bite misses the bullfrog.
The bullfrog hits you.
You puncture the bullfrog!
You kill the bullfrog!
Your Fighting skill increases to level 3!
No target in view!
No target in view!
You see here a bullfrog corpse.
You enter the shallow water.
Moving in this stuff is going to be slow.
A manticore comes into view.
The manticore moves out of view.
Unknown command.
Danger!
The manticore flicks its tail.
You block the volley of spikes.
You enter the shallow water.
Moving in this stuff is going to be slow.
The manticore flicks its tail.
The volley of spikes hits you.
The barbed spikes become lodged in your body.
The barbs in your skin will harm you if you move.
Continue?
Okay, then.
Unknown command.
The manticore flicks its tail.
The volley of spikes hits you!!
The barbed spikes become lodged in your body.
* * * LOW HITPOINT WARNING * * *
The manticore flicks its tail.
The volley of spikes hits you!
The barbed spikes become lodged in your body.
* * * LOW HITPOINT WARNING * * *
Unknown command.
Unknown command.
You hit the manticore.
You bite the manticore, but do no damage.
Your unstable footing causes you to fumble your attack.
The manticore barely misses you. You block the manticore's attack.
The manticore claws you but does no damage.
You hit the manticore. You bite the manticore. You drain its power.
You feel invigorated.
Unknown command.
Your unstable footing causes you to fumble your attack.
The manticore bites you but does no damage.
The manticore claws you!
* * * LOW HITPOINT WARNING * * *
You block the manticore's attack.
You puncture the manticore! You bite the manticore. You drain its power.
You feel invigorated. The manticore bites you!
* * * LOW HITPOINT WARNING * * *
You block the manticore's attack. The manticore claws you!
You die...

Skill      XL: |  1  2  3  4  5  6  7  8  9 |
---------------+----------------------------+-----
Short Blades   | 2 3 4 5 6 8 10 12 | 12.0
Fighting       | 3 |  3.1
Armour         | |  2.4
Shields        | |  2.6

Action                   |  1- 3 |  4- 6 |  7- 9 || total
-------------------------+-------+-------+-------++-------
Melee: Rapier            |    87 |   197 |   317 ||   601
       Bite              |    19 |    55 |   105 ||   179
 Fire: Sling             |    18 |    75 |    86 ||   179
  Use: Scroll            |       |       |    16 ||    16
Armor: Scale mail        |    39 |    79 |   109 ||   227
Dodge: Dodged            |    44 |    83 |    83 ||   210
Block: Buckler           |    26 |    35 |    56 ||   117

Levels and vault maps discovered:
D:1:      dpeg_arrival_erosion, layout_rooms, serial_shops,
          nicolae_shop_bloodbath_and_beyond, basic_ecumenical_altar,
          minivault_23
D:2:      layout_basic, kennysheep_generic_room_8, uniq_natasha, uniq_robin
D:3:      minmay_evil_eye, layout_loops_cross, nicolae_overflow_crystal_walls,
          dreamdust_princess_bridge
D:4:      layout_rooms, lemuel_temple_firewalk_b, uniq_sigmund
D:5:      layout_gridville, ebering_ghost_rock_garden, uniq_blork_the_orc
D:6:      layout_layer_cave, nemelex_diamond_rough_becter,
          overflow_temple_1_default, uniq_edmund
D:7:      cheibrodos_two_vegetables, layout_basic, mainiacjoe_overflow_swirl,
          serial_corexii_hall, corexii_hall_statues_x, corexii_hall_statues_x,
          minmay_liquid_box, uniq_prince_ribbit1, uniq_joseph
Temple:   nicolae_temple_ecumenical_triangle

Notes
Turn   | Place    | Note
-------+----------+-------------------------------------------
     0 | D:1      | Sobieck the Vine Stalker Fighter began the quest for the
                  | Orb.
     0 | D:1      | Reached XP level 1. HP: 11/11 MP: 2/2
    28 | D:1      | Found Ezaezim's Weapon Shoppe.
   159 | D:1      | Reached skill level 2 in Short Blades
   265 | D:1      | Bought a +0 sling for 19 gold pieces
   280 | D:1      | Reached XP level 2. HP: 12/16 MP: 1/3
   561 | D:1      | Found a faded altar of an unknown god.
   656 | D:2      | Reached skill level 3 in Short Blades
   680 | D:2      | Reached XP level 3. HP: 19/19 MP: 4/4
   688 | D:2      | Noticed Natasha
   751 | D:2      | HP: 4/19 [Natasha (3)]
   755 | D:2      | Killed Natasha
  1269 | D:2      | Gained mutation: Your natural rate of healing is unusually
                  | fast. [Vine Stalker growth]
  1269 | D:2      | Reached XP level 4. HP: 23/23 MP: 5/5
  1326 | D:2      | Reached skill level 4 in Short Blades
  1332 | D:2      | Noticed Robin
  1356 | D:2      | Killed Robin
  1664 | D:2      | Noticed Natasha
  1677 | D:2      | Killed Natasha
  1678 | D:2      | Reached XP level 5. HP: 24/27 MP: 6/6
  1760 | D:2      | Identified the +7 trident of Grontol {antimagic, Int+4
                  | Stlth+}
  2415 | D:3      | Reached skill level 5 in Short Blades
  2449 | D:3      | Found a burning altar of Makhleb.
  2561 | D:3      | Noticed a phantom
  2573 | D:3      | Reached XP level 6. HP: 29/32 MP: 7/7
  2588 | D:3      | Reached skill level 6 in Short Blades
  3174 | D:4      | Reached XP level 7. HP: 33/35 MP: 8/8
  3372 | D:4      | Noticed Sigmund
  3412 | D:4      | Killed Sigmund
  3413 | D:4      | Reached skill level 7 in Short Blades
  3447 | D:4      | You fall into a shaft and drop 3 floors!
  3453 | D:7      | Found a snail-covered altar of Cheibriados.
  3467 | D:7      | Found a glowing silver altar of Zin.
  3499 | D:7      | Reached skill level 8 in Short Blades
  3540 | D:7      | Gained mutation: You have razor-sharp teeth. [Vine Stalker
                  | growth]
  3540 | D:7      | Reached XP level 8. HP: 26/39 MP: 7/9
  3645 | D:6      | Found a basalt altar of Yredelemnul.
  3743 | D:6      | Identified the +1 robe "Kaghakh" {rF+}
  3745 | D:6      | Noticed Edmund
  3762 | D:5      | Entered Level 5 of the Dungeon
  3791 | D:5      | Reached skill level 9 in Short Blades
  3923 | D:4      | You add the spells Sting, Poisonous Vapours and Olgreb's
                  | Toxic Radiance to your library.
  4035 | D:4      | Found a staircase to the Ecumenical Temple.
  4044 | Temple   | Entered the Ecumenical Temple
  4393 | D:4      | You pick up a book of Changes and begin reading...
  4393 | D:4      | You add the spells Beastly Appendage, Wereblood and Spider
                  | Form to your library.
  4497 | D:5      | Noticed Blork the orc
  4548 | D:4      | Killed Blork the orc
  4698 | D:5      | You pick up a book of Spatial Translocations and begin
                  | reading...
  4698 | D:5      | You add the spells Blink, Lesser Beckoning and Manifold
                  | Assault to your library.
  4707 | D:5      | Reached skill level 10 in Short Blades
  4799 | D:5      | Found a runed translucent gate.
  4799 | D:5      | Found a runed translucent gate.
  4799 | D:5      | Found a runed translucent gate.
  4799 | D:5      | Noticed Sweeb's ghost (amateur TeMo)
  5072 | D:6      | Found a sparkling altar of Nemelex Xobeh.
  5091 | D:6      | You pick up a book of Blasting and begin reading...
  5091 | D:6      | You add the spells Fulminant Prism, Iskenderun's Mystic
                  | Blast and Lee's Rapid Deconstruction to your library.
  5136 | D:6      | Reached XP level 9. HP: 43/43 MP: 10/10
  5188 | D:6      | Killed Edmund
  5631 | D:6      | You pick up a book of Sloth and begin reading...
  5631 | D:6      | You add the spells Petrify, Metabolic Englaciation and
                  | Statue Form to your library.
  5648 | D:6      | Reached skill level 11 in Short Blades
  6225 | D:7      | Noticed Prince Ribbit
  6244 | D:7      | Killed Prince Ribbit
  6562 | D:7      | Reached skill level 12 in Short Blades
  6581 | D:7      | Reached skill level 3 in Fighting
  6603 | D:7      | Noticed a manticore
  6615 | D:7      | HP: 6/44 [manticore (10)]
  6615 | D:7      | Slain by a manticore

Vanquished Creatures
  Prince Ribbit (D:7)
  Sigmund (D:4)
  2 steam dragons (D:7)
  Edmund (D:6)
  2 ice beasts (D:6)
  2 sky beasts
  A black bear (D:4)
  2 ogres
  2 phantoms
  Blork the orc (D:4)
  4 bullfrogs
  A necrophage (D:4)
  2 scorpions (D:6)
  A howler monkey (D:7)
  2 hounds (D:5)
  A jelly (D:7)
  7 orc priests
  2 iguanas
  Natasha (twice) (D:2)
  5 orc wizards
  Robin (D:2)
  3 gnolls (D:4)
  10 adders
  3 ufetubi
  4 worms
  4 dart slugs
  15 orcs
  9 ball pythons
  15 goblins
  9 hobgoblins
  8 jackals
  7 kobolds
  8 quokkas
  5 bats
  7 frilled lizards
  5 rats
155 creatures vanquished.

Vanquished Creatures (others)
  An ufetubus (D:5)
1 creature vanquished.

Grand Total: 156 creatures vanquished

Table legend:
 A = Non-vault XP
 B = Vault XP
 C = Vault XP percentage of total XP
 D = Non-vault monster count
 E = Vault monster count
 F = Vault count percentage of total count
                 A         B        C        D         E       F
            +---------+---------+-------+---------+---------+-------
      Total |    3061 |     956 |  23.8 |     128 |      27 |  17.4
            +---------+---------+-------+---------+---------+-------
        D:1 |      29 |       0 |   0.0 |      18 |       0 |   0.0
        D:2 |      98 |      80 |  44.9 |      21 |      16 |  43.2
        D:3 |     323 |       8 |   2.4 |      31 |       5 |  13.9
        D:4 |     350 |     327 |  48.3 |      14 |       2 |  12.5
        D:5 |     513 |       0 |   0.0 |      17 |       0 |   0.0
        D:6 |     834 |     164 |  16.4 |      11 |       1 |   8.3
        D:7 |     914 |     377 |  29.2 |      16 |       3 |  15.8
            +---------+---------+-------+---------+---------+-------

Illustrated notes

Table legend:
 A = Kills in this place as a percentage of kills in entire the game.
 B = Kills by you in this place as a percentage of kills by you in the entire game.
 C = Kills by friends in this place as a percentage of kills by friends in the entire game.
 D = Other kills in this place as a percentage of other kills in the entire game.
 E = Experience gained in this place as a percentage of experience gained in the entire game.
 F = Experience gained in this place divided by the number of levels of this place that you have seen.
                   A       B       C       D       E      F
               +-------+-------+-------+-------+-------+----------------------
         Total | 100.0 | 100.0 |   N/A |   N/A | 100.0 | 502.1
       Dungeon | 100.0 | 100.0 |   N/A |   N/A | 100.0 | 573.9
               +-------+-------+-------+-------+-------+----------------------

Table legend: (Time is in decaauts)
 A = Elapsed time spent in this place.
 B = Non-inter-level travel time spent in this place.
 C = Inter-level travel time spent in this place.
 D = Time resting spent in this place.
 E = Time spent auto-exploring this place.
 F = Levels seen in this place.
 G = Mean time per level.
                   A        B        C        D        E       F      G
               +--------+--------+--------+--------+--------+-----+--------+
         Total |   6642 |   6234 |    408 |    345 |   4381 |   8 |  830.2 |
       Dungeon |   6591 |   6183 |    408 |    345 |   4353 |   7 |  941.6 |
        Temple |     50 |     50 |      0 |      0 |     28 |   1 |   50.0 |
               +--------+--------+--------+--------+--------+-----+--------+

Top non-repeatable levels by time:
     D:2: 1635 daAuts
     D:6: 1208 daAuts
     D:3: 964 daAuts
     D:4: 900 daAuts
     D:1: 678 daAuts
     D:7: 664 daAuts
     D:5: 539 daAuts
  Temple: 50 daAuts
